 Dungeon Crawl Stone Soup version 0.30.0-29-ga12c61a403 (webtiles) character file.

Game seed: 17125870334182713677

98 Ijustatesigmund the Stinger (level 4, -4/29 HPs)
             Began as an Octopode Venom Mage on June 17, 2023.
             Slain by an orc
             ... wielding a +0 hand axe
              (7 damage)
             ... on level 3 of the Dungeon.
             The game lasted 00:04:15 (2597 turns).

Ijustatesigmund the Stinger (Octopode Venom Mage)   Turns: 2597, Time: 00:04:16

Health: -4/29      AC:  1    Str:  7    XL:     4   Next: 69%
Magic:  5/8        EV: 13    Int: 19    God:
Gold:   77         SH:  0    Dex: 12    Spells: 2/8 levels left

rFire   + . .        h - staff of air
rCold   + . .        (no shield)
rNeg    . . .        (helmet restricted)
rPois   +            (no amulet)
rElec   +            (no ring)
rCorr   +            (no ring)
SInv    .            (no ring)
Will    .....        (no ring)
Stlth   +++          (no ring)
HPRegen 0.24/turn    (no ring)
MPRegen 0.11/turn    (no ring)
                     (no ring)

%: no passive effects
@: brilliant, resistant, flying
A: almost no armour, amphibious, 8 rings, camouflage 1, gelatinous body 1,
(nimble swimmer 1), tentacles
a: no special abilities


You were on level 3 of the Dungeon.
You visited 1 branch of the dungeon, and saw 3 of its levels.

You collected 77 gold pieces.

Inventory:

Hand Weapons
 c - a +0 flail
 n - a +2 short sword of holy wrath
Missiles
 m - 6 curare-tipped darts (quivered)
Armour
 f - a +0 buckler
Magical Staves
 h - a staff of air (weapon)
Jewellery
 d - an amulet of the acrobat
Scrolls
 b - 2 scrolls of identify {unknown}
 k - a scroll of acquirement {unknown}
 l - 2 scrolls of teleportation {unknown}
Potions
 a - a potion of magic
 i - a potion of flight
 j - a potion of curing {unknown}


   Skills:
 + Level 1.9 Fighting
 - Level 2.0 Dodging
 - Level 2.6 Stealth
 + Level 2.8 Spellcasting
 - Level 1.0 Transmutations
 + Level 1.5 Air Magic
 + Level 4.5 Poison Magic


You had 2 spell levels left.
You knew the following spells:

 Your Spells              Type           Power      Damage    Failure   Level
a - Sting                 Tmut/Pois      76%        1d6       4%          1
b - Poisonous Vapours     Pois/Air       64%        N/A       7%          2
c - Mephitic Cloud        Conj/Pois/Air  23%        N/A       21%         3

Your spell library contained the following spells:

 Spells                   Type           Power      Damage    Failure   Level
 Blink                    Tloc           8%         N/A       24%         2
 Lesser Beckoning         Tloc           8%         N/A       24%         2
 Momentum Strike          Conj/Tloc      8%         3d8       24%         2
 Olgreb's Toxic Radiance  Pois           29%        N/A       24%         4


Dungeon Overview and Level Annotations

Branches:
Dungeon (3/15)

Altars:


Innate Abilities, Weirdness & Mutations

You cannot wear most types of armour.
You are amphibious.
You can wear up to eight rings at the same time.
Your skin changes colour to match your surroundings (Stealth+).
Your rubbery body absorbs attacks. (AC +1, EV +1)
((You are camouflaged when in or above water. (Stealth+)))
You have tentacles for arms and can constrict up to eight enemies at once.


Message History

Casting: Poisonous Vapours (safe; 7% risk of failure)
Confirm with . or Enter, or press ? or * to list all spells.
Aiming: Sting (safe; 4% risk of failure)
Press: ? - help, Shift-Dir - straight line, f - adder
Aim: an adder (53% to hit)
The sting hits the adder.
The adder is poisoned.
The adder is lightly wounded.
You feel sick. The adder bites you. The adder closely misses you.
Casting: Sting (safe; 4% risk of failure)
Confirm with . or Enter, or press ? or * to list all spells.
Aiming: Sting (safe; 4% risk of failure)
Press: ? - help, Shift-Dir - straight line, f/p - adder
Aim: an adder (poisoned, 53% to hit)
The sting hits the adder.
The adder looks even sicker.
The adder is moderately wounded.
You feel sick. The adder barely misses you.
Unknown command.
You hit the adder but do no damage. Your grab misses the adder.
Your squeeze misses the adder.
The adder is moderately wounded.
You feel sick. The orc hits you with a +0 hand axe.
The adder closely misses you. The orc hits you with a +0 hand axe.
* * * LOW HITPOINT WARNING * * *
You are too injured to fight recklessly!
It was a potion of flight.
You feel very buoyant.
You fly up into the air.
You feel sick. The adder bites you.
* * * LOW HITPOINT WARNING * * *
The adder closely misses you. The orc closely misses you.
It was a potion of resistance.
You feel protected.
You feel sick. The adder bites you.
* * * LOW HITPOINT WARNING * * *
The orc barely misses you.
It was a potion of brilliance.
You feel clever all of a sudden.
You feel sick.
You are no longer poisoned.
The adder misses you. The orc hits you with a +0 hand axe!
You die...

### #.. ...
#.# #
#.###.###
#So......
#@.......
#.###.##.# #.#
..#.#
#†####.#.#
#........#
######.### ###
#.# ##.###.##
#.#.#
####.......###
....


You could see an adder (poisoned) and an orc.

Vanquished Creatures
  3 adders (D:3)
  A worm (D:2)
  2 dart slugs
  5 orcs (D:3)
  A ball python (D:2)
  4 endoplasms
  3 giant cockroaches (D:2)
  6 hobgoblins
  4 jackals (D:2)
  5 kobolds
  2 quokkas
  7 bats
  4 frilled lizards
  4 goblins
  3 rats
54 creatures vanquished.

Notes
Turn   | Place    | Note
-------+----------+-------------------------------------------
     0 | D:1      | Ijustatesigmund the Octopode Venom Mage began the quest for
                  | the Orb.
     0 | D:1      | Reached XP level 1. HP: 11/11 MP: 3/3
   423 | D:1      | Reached XP level 2. HP: 12/18 MP: 0/5
   426 | D:1      | Learned a level 2 spell: Poisonous Vapours
   733 | D:1      | Reached skill level 1 in Fighting
   733 | D:1      | Reached skill level 4 in Poison Magic
   878 | D:1      | Found a faded altar of an unknown god.
  1115 | D:2      | Reached XP level 3. HP: 23/23 MP: 3/6
  1128 | D:2      | Learned a level 3 spell: Mephitic Cloud
  1693 | D:2      | Reached skill level 1 in Air Magic
  2333 | D:3      | Reached XP level 4. HP: 18/28 MP: 1/7
  2597 | D:3      | Slain by an orc

Illustrated notes

Levels and vault maps discovered:
D:1:      minmay_arrival_loop, layout_basic, chequers_ecumenical_altar_grove
D:2:      layout_loops_corners
D:3:      corexii_shack_village, layout_loops_corners, uniq_crazy_yiuf_cottage

Skill      XL: |  1  2  3 |
---------------+----------+-----
Fighting       | 1 |  1.9
Poison Magic   | 4 |  4.5
Air Magic      | 1 |  1.5
Dodging        | |  2.0
Stealth        | |  2.6
Spellcasting   | |  2.8
Transmutations | |  1.0

Action                     |  1- 3 |  4- 6 || total
---------------------------+-------+-------++-------
  Melee: Unarmed           |    10 |       ||    10
         Tentacles         |    16 |     9 ||    25
         Constrict         |    15 |     9 ||    24
         Punch             |     1 |     1 ||     2
         Mace              |    35 |       ||    35
         Staff             |    16 |    25 ||    41
   Cast: Sting             |    21 |     2 ||    23
         Poisonous Vapours |    21 |     7 ||    28
    Use: Potion            |       |     3 ||     3
   Stab: Sleeping          |     1 |     1 ||     2
 Armour: Skin              |    10 |     2 ||    12
  Dodge: Dodged            |    48 |    17 ||    65
